Map: Para Site LE

Players

avilo

  • Race: Terran Terran
  • League: Grandmaster
  • Spawn Location: 5:00

MCanning - Winner!

  • Race: Protoss Protoss
  • League: Grandmaster
  • Spawn Location: 11:00

Event: Cheeseadelphia 8

VOD

Have the link to the VOD?

Description

Time

  • Played on: Dec. 8, 2018, 5:29 p.m.
  • Length: 16:45

All games in this series

Show
View Real Time Build Order
Export as new Build Order

avilo Terran 

Build Orders: Banshee Rush 

Get SALT Encoding   

  12  0:00  SCV  
  13  0:12  SCV  
  14  0:18  Supply Depot  
  14  0:24  SCV  
  15  0:31  Refinery  
  15  0:40  SCV  
  16  0:45  Barracks  
  16  0:52  SCV  
  17  0:59  Refinery  
  17  1:04  SCV  
  18  1:16  SCV  
  19  1:28  Engineering Bay  
  19  1:33  Orbital Command  
  19  1:39  Reaper  
  19  1:53  Factory  
  19  1:59  SCV  
  20  2:06  Supply Depot  
  20  2:11  SCV  
  20  2:13  Barracks Tech Lab  
  21  2:23  SCV  
  22  2:35  SCV  
  26  2:37  Widow Mine  
  26  2:38  Starport  
  26  2:48  Supply Depot, SCV  
  26  3:00  SCV  
  26  3:04  Cyclone  
  29  3:12  SCV  
  30  3:20  Starport Tech Lab  
  30  3:24  SCV  
  31  3:36  SCV  
  31  3:37  Command Center  
  32  3:41  Cloaking Field, Banshee  
  32  3:46  Supply Depot  
  36  3:48  SCV  
  36  3:54  Barracks Reactor  
  36  3:57  Siege Tank  
  39  4:08  Bunker, SCV  
  40  4:11  Supply Depot  
  40  4:20  SCV  
  41  4:24  Raven  
  41  4:31  Marine x2  
  43  4:32  SCV  
  43  4:37  Supply Depot  
  46  4:39  Siege Tank  
  46  4:44  SCV  
  50  4:50  Marine x2  
  50  4:51  Orbital Command  
  50  5:00  SCV  
  50  5:03  Refinery  
  50  5:04  Refinery  
  51  5:08  Marine x2  
  51  5:13  SCV  
  54  5:17  SCV  
  54  5:19  Siege Tank  
  58  5:22  Supply Depot  
  58  5:25  Banshee  
  58  5:26  SCV  
  62  5:29  SCV  
  63  5:38  Marine x2, SCV  
  63  5:40  Engineering Bay  
  66  5:43  SCV  
  66  5:49  Supply Depot x2  
  67  5:50  SCV  
  67  5:55  SCV  
  69  6:02  SCV  
  70  6:07  SCV  
  71  6:12  Supply Depot  
  71  6:14  SCV  
  72  6:19  SCV  
  72  6:20  Armory, Starport  
  72  6:21  Starport  
  72  6:22  Starport  
  73  6:26  SCV, Hyperflight Rotors  
  73  6:32  Starport  
  74  6:35  SCV  
  74  6:38  SCV  
  76  6:42  Hellion x2  
  80  6:47  SCV  
  80  6:50  Banshee  
  80  6:51  Supply Depot  
  84  6:57  Starport  
  84  7:05  SCV  
  84  7:06  SCV  
  86  7:09  Starport Tech Lab x3  
  86  7:10  Hellion  
  86  7:11  Hellion, Banshee  
  86  7:13  Terran Ship Weapons Level 1  
  93  7:20  Supply Depot  
  93  7:21  SCV  
  94  7:23  Supply Depot  
  94  7:29  Banshee x2  
  100  7:35  Supply Depot  
  100  7:37  Starport Tech Lab  
  100  7:40  SCV x2  
  100  7:43  Hellion x2  
  106  7:51  Banshee x2  
  106  7:54  Missile Turret  
  106  7:57  Supply Depot  
  112  8:03  Banshee  
  115  8:06  Viking  
  117  8:19  Banshee  
  114  8:25  Missile Turret  
  117  8:28  Supply Depot  
  117  8:30  Missile Turret  
  117  8:32  Missile Turret  
  117  8:33  Missile Turret  
  109  8:36  Hellion x2, Banshee x2  
  119  8:49  Banshee  
  119  8:50  Banshee  
  125  8:59  Command Center  
  125  9:06  SCV x2  
  127  9:12  Banshee x2  
  134  9:24  SCV x2  
  130  9:31  Viking x2  
  130  9:32  Viking  
  130  9:36  SCV  
  134  9:44  Viking  
  136  9:55  Viking  
  136  9:57  Refinery  
  138  10:00  Refinery  
  137  10:08  Viking x3  
  133  10:16  SCV  
  133  10:17  SCV  
  133  10:18  Orbital Command  
  124  10:25  Viking x2  
  125  10:41  Viking x4  
  119  10:57  SCV  
  119  10:59  SCV x2  
  120  11:07  Viking x2  
  120  11:09  SCV  
  125  11:11  SCV x2  
  125  11:16  Viking x2  
  131  11:20  Terran Ship Weapons Level 2  
  131  11:21  SCV  
  132  11:26  SCV x2  
  134  11:33  SCV  
  134  11:35  Viking x2  
  134  11:36  Viking  
  141  11:43  SCV  
  141  11:44  SCV  
  141  11:45  SCV  
  135  11:50  Banshee x2  
  141  11:59  Command Center  
  141  12:06  Viking x3  
  147  12:11  Supply Depot, Drilling Claws  
  147  12:13  Barracks Reactor  
  147  12:16  Factory, SCV x3  
  147  12:29  SCV  
  149  12:30  SCV x2  
  149  12:32  Viking x2  
  149  12:33  Viking x2  
  149  12:35  Hellion  
  160  12:48  Viking x2, Banshee  
  161  12:53  SCV  
  161  12:54  SCV x2  
  162  13:01  Viking  
  162  13:03  Viking  
  168  13:09  Missile Turret  
  166  13:13  Widow Mine  
  166  13:16  Refinery  
  168  13:20  Missile Turret  
  168  13:26  Viking, Banshee x2  
  168  13:27  Viking  
  176  13:31  Viking  
  127  14:00  Viking x2  
  127  14:01  Viking x3  
  129  14:09  Viking  
  124  14:10  Widow Mine x2  
  124  14:29  Banshee  
  124  14:30  Viking  
  123  14:51  Refinery  
  117  14:53  Banshee x4  
  126  15:00  Orbital Command  
  126  15:03  Widow Mine x2  
  126  15:04  Widow Mine  
  132  15:11  Orbital Command  
  132  15:18  SCV  
  133  15:26  Widow Mine  
  133  15:27  Widow Mine x2  
  139  15:30  Refinery, SCV  
  139  15:31  Refinery  
  140  15:41  Banshee x2  
  146  15:47  Missile Turret  
  146  15:50  Banshee x2  
  152  16:05  Viking  
  93  16:30  SCV  
Show
View Real Time Build Order
Export as new Build Order

MCanning Protoss - Winner!

Build Orders: Carriers 

Get SALT Encoding   

  12  0:00  Probe  
  13  0:12  Probe  
  14  0:19  Pylon  
  14  0:25  Probe  
  15  0:34  Probe  
  15  0:38  Gateway  
  15  0:42  Probe  
  16  0:48  Assimilator  
  17  0:52  Probe  
  18  1:04  Probe  
  19  1:16  Probe  
  20  1:28  Probe  
  20  1:30  Cybernetics Core  
  21  1:33  Zealot  
  21  1:36  Pylon  
  21  1:37  Assimilator  
  23  1:54  Probe  
  24  1:58  Adept  
  24  2:00  Warp Gate  
  24  2:06  Probe  
  27  2:18  Probe  
  28  2:23  Nexus  
  28  2:29  Stalker  
  30  2:30  Probe  
  31  2:46  Robotics Facility  
  30  2:51  Probe  
  30  2:55  Pylon  
  31  3:09  Gateway  
  31  3:13  Gateway  
  31  3:18  Probe  
  32  3:26  Immortal  
  32  3:28  Shield Battery  
  36  3:43  Probe  
  35  3:50  Probe  
  35  3:54  Shield Battery  
  35  3:55  Probe  
  37  3:58  Observer  
  37  4:02  Probe  
  38  4:03  Sentry  
  38  4:07  Stalker  
  38  4:09  Probe  
  44  4:14  Probe, Observer  
  44  4:15  Sentry  
  47  4:21  Probe  
  47  4:23  Pylon  
  49  4:30  Immortal  
  49  4:33  Probe  
  54  4:41  Probe  
  54  4:45  Probe, Pylon  
  56  4:53  Probe  
  56  4:54  Probe  
  56  4:57  Twilight Council, Pylon  
  58  5:02  Probe  
  58  5:05  Probe  
  60  5:09  Assimilator  
  60  5:11  Probe  
  60  5:12  Assimilator, Forge  
  60  5:14  Observer  
  61  5:25  Stalker x2  
  61  5:26  Charge, Probe  
  66  5:28  Probe  
  66  5:31  Shield Battery  
  67  5:37  Observer  
  67  5:38  Probe  
  67  5:40  Probe  
  70  5:51  Probe  
  70  5:53  Probe  
  70  5:55  Immortal  
  72  6:00  Pylon  
  76  6:05  Gateway  
  76  6:06  Gateway  
  76  6:08  Protoss Ground Weapons Level 1  
  75  6:13  Zealot  
  77  6:20  Pylon  
  78  6:25  Probe  
  78  6:27  Pylon  
  78  6:33  Nexus  
  78  6:37  Pylon  
  78  6:41  Probe  
  78  6:46  Stargate  
  79  6:50  Stalker  
  79  6:52  Stalker  
  83  6:57  Stalker  
  83  6:59  Probe  
  84  7:04  Probe  
  83  7:11  Probe  
  83  7:14  Zealot  
  83  7:15  Zealot  
  88  7:16  Probe  
  88  7:17  Warp Prism  
  91  7:24  Probe  
  91  7:28  Probe  
  91  7:34  Fleet Beacon  
  91  7:35  Sentry  
  91  7:36  Probe, Stargate  
  94  7:40  Probe  
  95  7:46  Probe  
  95  7:47  Photon Cannon  
  95  7:48  Probe  
  95  7:52  Probe  
  95  7:57  Adept x2  
  101  7:58  Probe  
  101  7:59  Adept  
  101  8:01  Probe  
  101  8:05  Probe  
  105  8:07  Carrier  
  105  8:08  Carrier  
  105  8:10  Probe  
  106  8:21  Assimilator  
  106  8:25  Assimilator  
  118  8:37  Zealot  
  120  8:44  Stargate  
  120  8:46  Templar Archives  
  118  9:01  Protoss Air Weapons Level 1  
  118  9:03  Nexus, Pylon  
  118  9:06  Shield Battery  
  118  9:08  Pylon  
  118  9:09  Zealot x4  
  120  9:18  Stalker  
  120  9:24  Carrier  
  122  9:30  High Templar  
  120  9:32  Tempest  
  118  9:40  Photon Cannon  
  118  9:45  Photon Cannon  
  123  9:48  Tempest  
  123  9:55  High Templar  
  130  10:05  Zealot x4  
  133  10:15  Tempest  
  133  10:19  Probe  
  139  10:23  Photon Cannon, Tempest  
  139  10:25  Photon Cannon x2  
  139  10:26  Tempest  
  138  10:41  Protoss Air Weapons Level 2  
  131  10:55  Probe  
  124  10:57  High Templar x2  
  124  10:58  Phoenix  
  124  10:59  Zealot x2  
  132  11:04  Nexus  
  132  11:06  Tempest  
  137  11:12  Probe, Psionic Storm  
  137  11:14  Photon Cannon  
  136  11:24  Observer  
  136  11:25  Sentry  
  138  11:28  Photon Cannon  
  138  11:31  Phoenix  
  137  11:48  Probe  
  138  11:56  High Templar  
  138  12:01  Nexus, Pylon  
  138  12:03  Protoss Shields Level 1, Pylon  
  138  12:04  Photon Cannon, Pylon  
  138  12:05  Photon Cannon, Pylon  
  136  12:10  Shield Battery  
  136  12:12  Zealot  
  136  12:13  Pylon  
  136  12:14  Carrier  
  142  12:27  Carrier  
  147  12:32  Stalker  
  147  12:36  Carrier  
  149  12:40  Photon Cannon  
  149  12:42  Photon Cannon  
  149  12:43  Shield Battery  
  151  13:00  Photon Cannon  
  151  13:01  Protoss Air Armor Level 1  
  151  13:02  Shield Battery  
  151  13:03  High Templar x2  
  151  13:04  Pylon  
  155  13:05  Probe  
  155  13:09  Assimilator  
  156  13:13  Assimilator, Probe  
  157  13:23  Stalker x3  
  161  13:34  Probe  
  161  13:38  Stalker x2  
  158  13:51  Carrier  
  158  13:53  Carrier  
  158  13:54  Archon  
  134  13:56  Archon  
  125  14:05  Observer  
  125  14:07  Zealot x3  
  125  14:08  Oracle  
  131  14:26  Observer  
  131  14:27  Carrier  
  131  14:28  High Templar  
  132  14:35  Probe  
  133  14:39  Stalker  
  133  14:40  Stalker  
  133  14:42  Carrier  
  137  14:56  High Templar  
  145  15:02  Photon Cannon  
  145  15:03  Carrier  
  145  15:04  Photon Cannon, High Templar  
  147  15:08  Zealot x3  
  159  15:29  High Templar x2  
  159  15:31  Nexus  
  159  15:47  High Templar  
  167  15:53  Pylon  
  167  15:59  Photon Cannon  
  167  16:03  High Templar  
  175  16:23  Archon  
  165  16:27  Zealot x4  
  173  16:39  Photon Cannon  
Tags
 
Add a new tag
Caveats
  • Supply blocks, unpowered buildings, or Contaminate may cause inaccurate times.
  • Supply counts are checked every 10 seconds.